 Dungeon Crawl Stone Soup version 0.22.0-5-gf09313c (webtiles) character file.

529 Torious the Conjurer (level 7, -7/36 HPs)
             Began as a Deep Elf Conjurer on Aug 13, 2018.
             Was a Follower of Sif Muna.
             Mangled by Menkaure (14 damage)
             ... in an ossuary.
             The game lasted 00:14:18 (3710 turns).

Torious the Conjurer (Deep Elf Conjurer)            Turns: 3710, Time: 00:14:19

Health: -7/36      AC:  3    Str:  5    XL:     7   Next: 3%
Magic:  11/16      EV: 15    Int: 27    God:    Sif Muna [*.....]
Gold:   173        SH:  0    Dex: 15    Spells: 12/15 levels left

rFire    . . .     SeeInvis .   b - +0 dagger
rCold    . . .     Gourm    .   (no shield)
rNeg     . . .     Faith    .   a - +0 robe
rPois    .         Spirit   .   (no helmet)
rElec    .         Reflect  .   (no cloak)
rCorr    .         Harm     .   (no gloves)
MR       .....                  o - +0 pair of boots
Stlth    ++........             (no amulet)
HPRegen  0.12/turn              (no ring)
MPRegen  0.15/turn              (no ring)

@: brilliant
A: no striking features
a: Divine Energy, Renounce Religion


You were in an ossuary.
You worshipped Sif Muna.
Sif Muna was aware of your devotion.
You were near starving.

You visited 1 branch of the dungeon, and saw 4 of its levels.
You also visited: Ossuary.

You collected 173 gold pieces.

Inventory:

Hand Weapons
 b - a +0 dagger (weapon)
Armour
 a - a +0 robe (worn)
 o - a +0 pair of boots (worn)
Scrolls
 e - a scroll of enchant weapon {unknown}
 f - 3 scrolls of teleportation
 g - 3 scrolls of remove curse
 j - 2 scrolls of enchant armour
 k - 2 scrolls of fog {unknown}
 l - a scroll of blinking {unknown}
 m - 2 scrolls of magic mapping {unknown}
Potions
 d - 2 potions of agility {unknown}
 p - a potion of brilliance
Comestibles
 c - 5 rations


   Skills:
 + Level 4.8 Dodging
 - Level 2.7 Stealth
 + Level 4.8 Spellcasting
 * Level 7.7 Conjurations


You had 12 spell levels left.
You knew the following spells:

 Your Spells              Type           Power        Failure   Level  Hunger
a - Magic Dart            Conj           ####         1%          1    None
b - Searing Ray           Conj           ######       1%          2    None

Your spell library contained the following spells:

 Spells                   Type           Power        Failure   Level  Hunger
 Iskenderun's Mystic Bla  Conj           ######..     1%          4    ###....
 Fulminant Prism          Conj/Hex       #####.....   1%          4    ###....
 Dazzling Spray           Conj/Hex       #####.       1%          3    #......
 Force Lance              Conj/Tloc      #####...     1%          4    ###....


Dungeon Overview and Level Annotations

Branches:
Dungeon (4/15)
 Temple: D:4-7

Altars:
Sif Muna

Annotations:
D:2 exclusion: hobgoblin, Terence Ossuary Menkaure


Message History

Menkaure shouts!
Menkaure hits you!
Casting: Searing Ray (safe; 1% risk of failure)
Confirm with . or Enter, or press ? or * to list all spells.
Aiming: Searing Ray (safe; 1% risk of failure)
Press: ? - help, Shift-Dir - straight line, f - Menkaure
Aim: Menkaure The searing ray hits Menkaure.
Menkaure is moderately damaged. (Press . to maintain the ray.) Menkaure closely misses you.
The searing ray hits Menkaure.
Menkaure is severely damaged.
The searing ray misses Menkaure.
Menkaure hits you!!
Ouch! That really hurt!
* * * LOW HITPOINT WARNING * * *
It was a potion of brilliance.
You feel clever all of a sudden. Menkaure hits you!
You die...

..## ##..##..##..## .##
##..##..##..## ##
##.^##..##..## #
##..##^.##..## ##^.##..##..##
##..##..##..## ##..##..##..##
##M.##..##..##
################@.##..##..##
.^..^..............##..##.^##
######################..##^.##
.............^........^..##∩∩#
##############################


You could see Menkaure.

Vanquished Creatures
  2 ogres (D:4)
  2 scorpions (D:4)
  2 worker ants (D:4)
  3 mummies (Ossuary)
  6 adders
  An ooze (D:2)
  4 worms
  2 dart slugs
  11 orcs (D:3)
  5 giant cockroaches
  3 gnoll zombies (Ossuary)
  6 goblins
  8 hobgoblins
  7 jackals (D:3)
  A quokka (D:3)
  A ball python (D:2)
  A ball python skeleton (D:4)
  7 bats
  3 frilled lizards
  2 gnoll skeletons (Ossuary)
  4 goblin skeletons (Ossuary)
  3 goblin zombies (Ossuary)
  10 kobolds
  2 kobold skeletons (Ossuary)
  2 kobold zombies (Ossuary)
  2 orc skeletons (Ossuary)
  4 orc zombies (Ossuary)
  12 rats
  4 rat skeletons (Ossuary)
  6 rat zombies
126 creatures vanquished.

Vanquished Creatures (others)
  2 gnoll skeletons (Ossuary)
  2 goblin skeletons (Ossuary)
  A goblin zombie (Ossuary)
  A hobgoblin skeleton (Ossuary)
  A hobgoblin zombie (Ossuary)
  2 kobold skeletons (Ossuary)
  A kobold zombie (Ossuary)
  An orc zombie (Ossuary)
  2 rat skeletons (Ossuary)
  A rat zombie (Ossuary)
14 creatures vanquished.

Grand Total: 140 creatures vanquished

Notes
Turn   | Place    | Note
-------+----------+-------------------------------------------
     0 | D:1      | Torious the Deep Elf Conjurer began the quest for the Orb.
     0 | D:1      | Reached XP level 1. HP: 10/10 MP: 6/6
   154 | D:1      | Reached XP level 2. HP: 5/15 MP: 0/8
   162 | D:1      | Learned a level 2 spell: Searing Ray
   359 | D:1      | Reached skill level 5 in Conjurations
   693 | D:1      | You fall through a shaft!
   878 | D:2      | Reached XP level 3. HP: 17/19 MP: 5/10
   956 | D:2      | Noticed Terence
  1472 | D:2      | Found a deep blue altar of Sif Muna.
  1480 | D:2      | Became a worshipper of Sif Muna the Loreminder
  1696 | D:3      | Reached XP level 4. HP: 24/24 MP: 0/12
  2077 | D:3      | Reached skill level 6 in Conjurations
  2194 | D:3      | Reached XP level 5. HP: 25/28 MP: 3/13
  2666 | D:4      | Noticed an ogre
  2684 | D:4      | Killed an ogre
  2724 | D:4      | Reached XP level 6. HP: 32/32 MP: 0/14
  2797 | D:4      | Reached skill level 7 in Conjurations
  2875 | D:4      | Reached * piety under Sif Muna
  2982 | D:4      | Found a sand-covered staircase.
  2991 | Ossuary  | Entered an ossuary
  3617 | Ossuary  | Reached XP level 7. HP: 36/36 MP: 8/16
  3641 | Ossuary  | Noticed Menkaure
  3710 | Ossuary  | Mangled by Menkaure

Skill      XL: |  1  2  3  4  5  6 |
---------------+-------------------+-----
Conjurations   | 5 6 7 |  7.7
Spellcasting   | 4 |  4.8
Dodging        | 3 4 |  4.8
Stealth        | |  2.7

Action                   |  1- 3 |  4- 6 |  7- 9 || total
-------------------------+-------+-------+-------++-------
Melee: Dagger            |     5 |   127 |     3 ||   135
 Cast: Magic Dart        |    74 |    64 |     3 ||   141
       Searing Ray       |     3 |    23 |     3 ||    29
  Use: Scroll            |       |     4 |     1 ||     5
       Potion            |       |       |     1 ||     1
 Stab: Sleeping          |     3 |     1 |       ||     4
  Eat: Chunk             |     2 |     5 |       ||     7
Armor: Robe              |     7 |    42 |     2 ||    51
Dodge: Dodged            |    16 |   120 |     3 ||   139
